AoeStats
← AJ0

Arena

510878479Analyzed
1v1 RM · 17h ago on Oct 2, 2026· 51m 39s· 2 players
Game mode
Random Map
Map size
Tiny (2 player)
Population
200
Speed
Normal
Resources
Standard
Victory
Conquest
Starting age
Dark Age
Ending age
Imperial Age
RankedLock teamsTeams togetherTeam positionsShared explorationLock speedFull tech treeHidden civsTurbo modeCheats
Victory
Defeat
🇨🇴 Bohemians · Colombia
1189
+15
🇪🇸 Spanish · Spain
1178
-15
pef
10:10 Feudal Age
11:55 Loom
14:35 Castle Age
13:03 Double-Bit Axe
13:32 Horse Collar
29:45 Wheelbarrow
29:27 Gold Mining
30:46 Scale Barding Armor
30:52 Forging
31:57 Bloodlines
32:22 Chain Barding Armor
34:57 Hand Cart
35:56 Iron Casting
36:22 Husbandry
41:33 Imperial Age
39:29 Fletching
40:16 Bow Saw
39:57 Elite Skirmisher
40:38 Bodkin Arrow
41:08 Thumb Ring
43:31 Plate Barding Armor
44:19 Blast Furnace
48:36 Padded Archer Armor
49:12 Plate Barding Armor
49:38 Blast Furnace
48:39 Bracer
49:15 Heavy Plow
50:19 Plate Barding Armor
50:45 Blast Furnace
49:49 Light Cavalry
51:11 Scale Mail Armor
AJ0
7:59 Loom
9:47 Feudal Age
8:36 Loom
13:54 Castle Age
15:15 Double-Bit Axe
17:57 Fervor
21:02 Redemption
33:28 Scale Mail Armor
35:49 Sanctity
35:13 Pikeman
39:27 Imperial Age
37:49 Horse Collar
38:27 Chain Mail Armor
38:31 Town Watch
41:58 Theocracy
42:23 Conscription
47:30 Scale Barding Armor
47:36 Forging
48:03 Wheelbarrow
49:30 Bow Saw
51:12 Cavalier
51:52 Husbandry
Connection lost

Rejoining the realm…

Still unreachable

The connection could not be restored.

Session expired

The server has moved on; the page needs a fresh start.